 Dungeon Crawl Stone Soup version 0.30-a0-879-ga8ba668304 (webtiles) character file.

Game seed: 8510201035225968511

110 FallingFreak the Grasshopper (level 4, -1/38 HPs)
             Began as a Ghoul Warper on Mar 13, 2023.
             Killed by divine providence
             ... invoked by an orc priest
              (12 damage)
             ... on level 4 of the Dungeon.
             The game lasted 00:11:28 (2906 turns).

FallingFreak the Grasshopper (Ghoul Warper)         Turns: 2906, Time: 00:11:29

Health: -1/38      AC:  6    Str: 14    XL:     4   Next: 91%
Magic:  6/6        EV: 10    Int: 10    God:
Gold:   241        SH:  0    Dex:  8    Spells: 3/7 levels left

rFire   . . .      SeeInvis .    a - +0 hand axe
rCold   + . .      Faith    .    (no shield)
rNeg    + + +      Spirit   .    k - +0 ring mail
rPois   ∞          Reflect  .    (no helmet)
rElec   .          Rampage  .    (no cloak)
rCorr   .                        r - +0 pair of gloves
Will    .....                    (no boots) Stlth
                                 (no amulet)
HPRegen 0.00/turn                (no ring)
MPRegen 0.10/turn                (no ring)

@: inhibited regen
A: claws 1, cold resistance 1, negative energy resistance 3, inhibited
regeneration, torment resistance 2, devour on kill
a: no special abilities


You were on level 4 of the Dungeon.
You visited 1 branch of the dungeon, and saw 4 of its levels.

You collected 241 gold pieces.

Inventory:

Hand Weapons
 a - a +0 hand axe (weapon)
 o - a +0 rapier
Missiles
 d - 7 boomerangs of dispersal (quivered) {!f}
 v - 13 stones
Armour
 b - a +0 leather armour
 k - a +0 ring mail (worn)
 r - a +0 pair of gloves (worn)
Wands
 i - a wand of digging (5)
 M - a wand of mindburst (9)
Scrolls
 c - a scroll of fog {unknown}
 e - 2 scrolls of torment {unknown}
 f - a scroll of blinking
 g - a scroll of noise {unknown}
 j - a scroll of enchant weapon {unknown}
 m - 2 scrolls of teleportation {unknown}
 n - 2 scrolls of enchant armour {unknown}
 q - 2 scrolls of identify {unknown}
 s - a scroll of poison {unknown}
Potions
 h - a potion of attraction {unknown}
 l - a potion of flight {unknown}
 p - 2 potions of heal wounds {unknown}
 t - 2 potions of lignification {unknown}
 u - a potion of degeneration {unknown}


   Skills:
 + Level 3.0 Fighting
 + Level 2.5 Axes
 - Level 0.8 Throwing
 + Level 1.9 Armour
 - Level 1.7 Dodging
 + Level 2.4 Spellcasting
 + Level 3.2 Translocations


You had 3 spell levels left.
You knew the following spells:

 Your Spells              Type           Power      Damage    Failure   Level
c - Blink                 Tloc           14%        N/A       24%         2
Z - Lesser Beckoning      Tloc           14%        N/A       24%         2

Your spell library contained the following spells:

 Spells                   Type           Power      Damage    Failure   Level
 Teleport Other           Tloc           7%         N/A       43%         3
 Vhi's Electric Charge    Tloc/Air       8%         N/A       67%         3
 Manifold Assault         Tloc           7%         N/A       83%         4


Dungeon Overview and Level Annotations

Branches:
Dungeon (4/15) Zot: 21039
 Temple: D:4-7

Altars:

Annotations:
D:3 3 runed translucent doors, cheesebisquit's ghost, amateur GnWn; domi's ghost, amateur DsCj


Innate Abilities, Weirdness & Mutations

You are immune to poison.
You have sharp fingernails.
Your flesh is cold resistant. (rC+)
You are immune to negative energy. (rN+++)
You do not regenerate when monsters are visible.
You are immune to unholy pain and torment.
You thrive by killing the living.


Message History

Press: ? - help, Dir - move target, f - orc, p - orc
Aim: an orc, wielding a +0 whip (about 43% to evade your +0 hand axe)
You hit the orc.
The orc is moderately wounded.
The orc barely misses you.
An orc priest comes into view. It is wielding a +0 short sword.
The orc hits you with a +0 whip.
Unknown command.
Cleave: a) +0 hand axe
Press: ? - help, Dir - move target, f/p - orc
Aim: an orc, wielding a +0 whip (moderately wounded, about 43% to evade your +0 hand axe)
The orc priest shouts!
You hit the orc.
The orc is heavily wounded.
The orc hits you from afar with a +0 trident!
The orc closely misses you.
Unknown command.
Cleave: a) +0 hand axe
Press: ? - help, Dir - move target, f/p - orc
Aim: an orc, wielding a +0 whip (heavily wounded, about 43% to evade your +0 hand axe)
You closely miss the orc.
The orc is heavily wounded.
The orc hits you from afar with a +0 trident.
* * * LOW HITPOINT WARNING * * *
The orc hits you with a +0 whip.
* * * LOW HITPOINT WARNING * * *
Unknown command.
Cleave: a) +0 hand axe
Press: ? - help, Dir - move target, f/p - orc
Aim: an orc, wielding a +0 whip (heavily wounded, about 43% to evade your +0 hand axe)
You slash the orc!
You kill the orc!
You feel better.
The orc hits you from afar with a +0 trident!
* * * LOW HITPOINT WARNING * * *
Unknown command.
Okay, then.
The orc priest mumbles some strange prayers to Beogh against you.
Beogh smites you!
You die...

...........##.####.##.##.........##
##.........'.oo..@.##.##########.##
#.........##.#######.# #<.........
#.........##.........# #.######.##
###################### #.# #.# #.#
#.# #.######.# #........#
##########


You could see an orc priest and an orc.

Vanquished Creatures
  4 adders (D:2)
  2 worms
  A dart slug (D:2)
  5 orcs
  5 bats
  2 endoplasms (D:1)
  A giant cockroach (D:1)
  6 goblins
  8 hobgoblins
  2 jackals (D:1)
  3 quokkas (D:1)
  5 ball pythons
  3 frilled lizards
  7 kobolds
  5 rats
59 creatures vanquished.

Vanquished Creatures (others)
  2 fungi (D:3)
  5 toadstools (D:3)
7 creatures vanquished.

Grand Total: 66 creatures vanquished

Notes
Turn   | Place    | Note
-------+----------+-------------------------------------------
     0 | D:1      | FallingFreak the Ghoul Warper began the quest for the Orb.
     0 | D:1      | Reached XP level 1. HP: 17/17 MP: 2/2
   113 | D:1      | Reached skill level 1 in Armour
   148 | D:1      | Reached XP level 2. HP: 22/25 MP: 3/3
   151 | D:1      | Learned a level 2 spell: Blink
   154 | D:1      | Learned a level 2 spell: Lesser Beckoning
   474 | D:1      | Increase (s)trength, (i)ntelligence, or (d)exterity?
   474 | D:1      | Reached XP level 3. HP: 28/30 MP: 5/5
  1351 | D:2      | Reached XP level 4. HP: 23/37 MP: 6/6
  2265 | D:3      | Noticed an ogre
  2491 | D:3      | Found a runed translucent gate.
  2491 | D:3      | Found a runed translucent gate.
  2493 | D:3      | Found a runed translucent gate.
  2496 | D:3      | Noticed domi's ghost (amateur DsCj)
  2497 | D:3      | Noticed cheesebisquit's ghost (amateur GnWn)
  2906 | D:4      | Killed from afar by an orc priest

Illustrated notes

Levels and vault maps discovered:
D:1:      lemuel_arrival_hallway, layout_rooms
D:2:      layout_loops_corners
D:3:      layout_loops_ring, gammafunk_ghost_cemetery, minmay_gold_behind_fungi,
          uniq_robin
D:4:      layout_basic, gammafunk_ghost_icy, uniq_crazy_yiuf_cottage

Skill      XL: |  1  2  3  4 |
---------------+-------------+-----
Armour         | 1 |  1.9
Axes           | 2 |  2.5
Spellcasting   | 2 |  2.4
Translocations | 3 |  3.2
Fighting       | 3 |  3.0
Throwing       | |  0.8
Dodging        | |  1.7

Action                     |  1- 3 |  4- 6 || total
---------------------------+-------+-------++-------
  Melee: Hand axe          |   152 |   119 ||   271
   Cast: Blink             |       |     1 ||     1
 Armour: Leather armour    |    33 |       ||    33
         Ring mail         |    13 |    51 ||    64
  Dodge: Dodged            |    88 |    67 ||   155

Table legend: (Time is in decaauts)
 A = Elapsed time spent in this place.
 B = Non-inter-level travel time spent in this place.
 C = Inter-level travel time spent in this place.
 D = Time resting spent in this place.
 E = Time spent auto-exploring this place.
 F = Levels seen in this place.
 G = Mean time per level.
                   A        B        C        D        E       F      G
               +--------+--------+--------+--------+--------+-----+--------+
         Total |   2959 |   2863 |     96 |    412 |   1621 |   4 |  739.8 |
       Dungeon |   2959 |   2863 |     96 |    412 |   1621 |   4 |  739.8 |
               +--------+--------+--------+--------+--------+-----+--------+

Top non-repeatable levels by time:
     D:2: 1113 daAuts
     D:1: 845 daAuts
     D:3: 830 daAuts
     D:4: 170 daAuts
